 Dungeon Crawl Stone Soup version 0.30.0-5-g1a98f26d00 (webtiles) character file.

Game seed: 5305418666868145306

524 Jarnaxa the Chiller (level 7, -5/52 HPs)
             Began as a Pale Draconian Ice Elementalist on May 11, 2023.
             Was a Follower of Sif Muna.
             Killed by nerve-wracking pain
             ... invoked by Grinder
              (8 damage)
             ... on level 5 of the Dungeon.
             The game lasted 00:13:47 (4408 turns).

Jarnaxa the Chiller (DrIE)                          Turns: 4408, Time: 00:13:48

Health: -5/52      AC:  6    Str:  7 (10) XL:     7   Next: 2%
Magic:  0/14       EV: 12    Int: 16 (18) God:    Sif Muna [*.....]
Gold:   210        SH:  0    Dex: 11      Spells: 11/15 levels left

rFire   . . .        q - +1 quarterstaff (heavy)
rCold   . . .        (shield currently unavailable)
rNeg    . . .        (body armour unavailable)
rPois   .            (helmet restricted)
rElec   .            (no cloak)
rCorr   .            (no gloves)
SInv    .            (no boots)
Will    .....        (no amulet)
Stlth   ++           c - ring of wizardry
HPRegen 0.28/turn    (no ring)
MPRegen 0.14/turn

%: wizardry (x1)
@: short of breath
A: breathe steam, AC +6, unfitting armour, cold-blooded, steam resistance
a: Breathe Steam, Renounce Religion, Channel Magic


You were on level 5 of the Dungeon.
You worshipped Sif Muna.
Sif Muna was aware of your devotion.
You visited 2 branches of the dungeon, and saw 6 of its levels.

You collected 210 gold pieces.

Inventory:

Hand Weapons
 q - a +1 heavy quarterstaff (weapon)
Jewellery
 c - a ring of wizardry (left hand)
Scrolls
 b - a scroll of teleportation
 d - 6 scrolls of identify
 e - a scroll of enchant armour
 f - a scroll of fear
 i - a scroll of noise
Potions
 a - a potion of curing
 g - a potion of brilliance
 p - a potion of mutation


   Skills:
 + Level 1.2 Fighting
 + Level 0.7 Polearms
 + Level 2.3 Dodging
 + Level 2.2 Stealth
 - Level 0.2 Unarmed Combat
 + Level 4.7 Spellcasting
 + Level 6.3 Ice Magic


You had 11 spell levels left.
You knew the following spells:

 Your Spells              Type           Power      Damage    Failure   Level
a - Freeze                Ice            96%        1d10      1%          1
b - Frozen Ramparts       Ice            48%        1d8       1%          3

Your spell library contained the following spells:

 Spells                   Type           Power      Damage    Failure   Level
 Ozocubu's Armour         Ice            24%        N/A       1%          3
 Apportation              Tloc           6%         N/A       6%          1
 Necrotise                Necr           12%        1d4       6%          1
 Sandblast                Erth           6%         2d5       6%          1
 Summon Small Mammal      Summ           12%        N/A       6%          1
 Blink                    Tloc           6%         N/A       10%         2
 Lesser Beckoning         Tloc           6%         N/A       10%         2
 Momentum Strike          Conj/Tloc      6%         3d8       10%         2
 Passwall                 Tmut/Erth      2%         N/A       10%         2
 Summon Ice Beast         Ice/Summ       13%        N/A       16%         4
 Call Canine Familiar     Summ           3%         N/A       19%         3
 Stone Arrow              Conj/Erth      6%         3d7       19%         3
 Summon Guardian Golem    Hex/Summ       3%         N/A       19%         3


Dungeon Overview and Level Annotations

Branches:
Dungeon (5/15)             Temple (1/1) D:4

Altars:
Cheibriados
Dithmenos
Fedhas
Gozag
Hepliaklqana
Kikubaaqudgha
Makhleb
Qazlal
Ru
Sif Muna
Trog
Vehumet
Wu Jian
Xom
Yredelemnul
Zin
The Shining One

Shops:
D:1 !

Annotations:
D:5 Grinder


Innate Abilities, Weirdness & Mutations

You can breathe blasts of scalding, opaque steam.
Your pale cyan-grey scales are hard. (AC +6)
You cannot fit into any form of body armour.
You are cold-blooded and may be slowed by cold attacks.
You are immune to the effects of steam.


Message History

Unknown command.
Casting: Freeze (safe; 1% risk of failure)
Confirm with . or Enter, or press ? or * to list all spells.
Aiming: Freeze (safe; 1% risk of failure)
Press: ? - help, Shift-Dir - straight line, f/p - Grinder
Aim: Grinder (almost dead)
You freeze Grinder but do no damage.
Grinder completely resists.
Grinder grins, showing sharp teeth.
Grinder gestures at you. Pain shoots through your body!
* * * LOW HITPOINT WARNING * * *
Casting: Freeze (safe; 1% risk of failure)
Confirm with . or Enter, or press ? or * to list all spells.
Aiming: Freeze (safe; 1% risk of failure)
Press: ? - help, Shift-Dir - straight line, f/p - Grinder
Aim: Grinder (almost dead)
You freeze Grinder.
Grinder resists.
Grinder is almost dead.
Grinder barely misses you.
Unknown command.
You can't do that yet.
Unknown command.
Casting: Freeze (safe; 1% risk of failure)
Confirm with . or Enter, or press ? or * to list all spells.
Aiming: Freeze (safe; 1% risk of failure)
Press: ? - help, Shift-Dir - straight line, f/p - Grinder
Aim: Grinder (almost dead)
You freeze Grinder but do no damage.
Grinder completely resists.
Grinder gestures at you.
You struggle to resist.
Casting: Freeze (safe; 1% risk of failure)
Confirm with . or Enter, or press ? or * to list all spells.
Aiming: Freeze (safe; 1% risk of failure)
Press: ? - help, Shift-Dir - straight line, f/p - Grinder
Aim: Grinder (almost dead)
You freeze Grinder.
Grinder resists.
Grinder is almost dead.
Grinder gestures at you. Pain shoots through your body!
You die...

### ..# #.#
#.# ###<###
#.....#
#.@...#
#.....5.(.#
#.###.....#
#>....#
....###
#.#.##
#.#.# ....#


You could see Grinder.

Vanquished Creatures
  A black bear (D:4)
  An orc priest (D:4)
  A gnoll bouda (D:4)
  2 sleepcaps (D:4)
  2 iguanas
  2 orc wizards (D:4)
  4 gnolls (D:4)
  8 adders
  An ufetubus (D:4)
  A worm (D:3)
  A dart slug (D:1)
  11 orcs
  14 ball pythons
  9 bats
  9 endoplasms
  5 giant cockroaches
  5 goblins
  7 hobgoblins
  9 kobolds
  5 frilled lizards
  6 rats
104 creatures vanquished.

Notes
Turn   | Place    | Note
-------+----------+-------------------------------------------
     0 | D:1      | Jarnaxa the Draconian Ice Elementalist began the quest for
                  | the Orb.
     0 | D:1      | Reached XP level 1. HP: 14/14 MP: 3/3
   279 | D:1      | Reached XP level 2. HP: 20/20 MP: 0/5
   413 | D:1      | Found Hintonne's Distillery.
   973 | D:1      | Reached XP level 3. HP: 24/26 MP: 3/6
  1412 | D:2      | Learned a level 3 spell: Frozen Ramparts
  2071 | D:3      | Reached XP level 4. HP: 33/33 MP: 2/8
  2186 | D:3      | Identified the +0 leather armour of Sorcery {rPois Str+5
                  | Int+2}
  2448 | D:3      | Reached skill level 5 in Ice Magic
  2537 | D:3      | Reached XP level 5. HP: 39/39 MP: 5/10
  2749 | D:4      | Found a staircase to the Ecumenical Temple.
  2755 | D:4      | Reached skill level 1 in Fighting
  2764 | Temple   | Entered the Ecumenical Temple
  2962 | Temple   | Became a worshipper of Sif Muna the Loreminder
  3273 | D:4      | Reached XP level 6. HP: 23/47 MP: 0/12
  3696 | D:4      | Reached skill level 6 in Ice Magic
  3885 | D:4      | Found an ornate altar of the Wu Jian Council.
  3895 | D:4      | Found a shadowy altar of Dithmenos.
  3906 | D:4      | Reached * piety under Sif Muna
  3907 | D:4      | Your scales start taking on a pale cyan-grey colour.
  3907 | D:4      | Reached XP level 7. HP: 12/52 MP: 5/14
  3907 | D:4      | Gained mutation: You are immune to the effects of steam.
                  | [Pale Draconian growth]
  4186 | D:4      | Found a radiant altar of Vehumet.
  4284 | D:4      | Found a shimmering altar of Xom.
  4388 | D:5      | Entered Level 5 of the Dungeon
  4388 | D:5      | Noticed Grinder
  4401 | D:5      | Paralysed by Grinder for 4 turns
  4405 | D:5      | HP: 2/52 [Grinder/nerve-wracking pain (1)]
  4408 | D:5      | Killed from afar by Grinder

Illustrated notes

Levels and vault maps discovered:
D:1:      nagdon_arrival_double_spiral, layout_basic, serial_shops, shop,
          minmay_worlds_worst_comb
D:2:      layout_rooms, st_stairs_8
D:3:      wander_river, layout_rooms
D:4:      black_bear_nest_1, layout_loops_cross, nicolae_vehumet_altar_sigil,
          mainiacjoe_overflow_catch_the_wave, mainiacjoe_overflow_alcove_2,
          minmay_temple_entry_proselytizer
D:5:      layout_loops_cross, nicolae_elyvilon_temple_path,
          mainiacjoe_overflow_small_starburst, mainiacjoe_overflow_24_doors,
          uniq_grinder
Temple:   oiseaux_autumnal_temple

Skill      XL: |  1  2  3  4  5  6 |
---------------+-------------------+-----
Stealth        | 2 |  2.2
Spellcasting   | 3 4 |  4.7
Dodging        | 2 |  2.3
Ice Magic      | 5 6 |  6.3
Fighting       | 1 |  1.2
Polearms       | |  0.7
Unarmed Combat | |  0.2

Action                     |  1- 3 |  4- 6 |  7- 9 || total
---------------------------+-------+-------+-------++-------
  Melee: Unarmed           |    11 |       |       ||    11
         Tailslap          |     3 |       |       ||     3
         Punch             |     1 |     1 |       ||     2
         Spear             |     1 |    18 |       ||    19
         Quarterstaff      |       |     6 |     3 ||     9
   Cast: Freeze            |    72 |    72 |    14 ||   158
         Frozen Ramparts   |     1 |     6 |     2 ||     9
Ability: Breathe Steam     |       |       |     1 ||     1
    Use: Potion            |       |     6 |       ||     6
         Scroll            |       |     8 |     1 ||     9
 Armour: Skin              |    26 |    43 |     2 ||    71
  Dodge: Dodged            |    51 |    63 |     6 ||   120
